 Dungeon Crawl Stone Soup version 0.31-a0-799-g6bc09d010c (webtiles) character file.

Game seed: 1466484226044662783

1236 Shayle the Trooper (level 8, -4/84 HPs)
             Began as an Ogre Hexslinger on Sept 19, 2023.
             Slain by a kobold brigand
             ... wielding a +0 dagger
              (7 damage)
             ... on level 7 of the Dungeon.
             The game lasted 00:12:53 (5602 turns).

Shayle the Trooper (Ogre Hexslinger)                Turns: 5602, Time: 00:12:59

Health: -4/84      AC:  4    Str: 12    XL:     8   Next: 49%
Magic:  8/14       EV: 10    Int: 20    God:
Gold:   176        SH:  0    Dex: 12    Spells: 10/13 levels left

rFire   . . .        j - +8 spear of Anguish {pain, Dex+2}
rCold   + . .        (no shield)
rNeg    . . .        c - +0 robe
rPois   .            (helmet restricted)
rElec   .            l - +0 cloak
rCorr   .            (gloves unavailable)
SInv    .            (boots unavailable)
Will    .....        (no amulet)
Stlth   +            (no ring)
HPRegen 0.34/turn    (no ring)
MPRegen 0.14/turn

%: no passive effects
@: lethally poisoned (-4 -> -6), freezing walls
A: large, unfitting armour, tough skin 1, clever 1, cold resistance 1, high MP
1, screaming 1
a: no special abilities


You were on level 7 of the Dungeon.
You visited 1 branch of the dungeon, and saw 7 of its levels.

You collected 248 gold pieces.
You spent 72 gold pieces at shops.

Inventory:

Hand Weapons
 a - a +1 sling
 f - a +1 whip of freezing
 j - the +8 spear of Anguish (weapon) {pain, Dex+2}
   (You found it on level 2 of the Dungeon)

   Dex+2:     It affects your dexterity (+2).
 u - the +1 hand axe of the Gloaming {flame, rC+ Dex+4}
   (You found it on level 5 of the Dungeon)

   Dex+4:     It affects your dexterity (+4).
   rC+:       It protects you from cold.
Armour
 c - a +0 robe (worn)
 l - a +0 cloak (worn)
Jewellery
 i - a ring of ice
Wands
 o - a wand of polymorph (6)
 r - a wand of mindburst (8)
Scrolls
 b - 2 scrolls of poison
 d - a scroll of silence
 e - a scroll of noise {unknown}
 k - 2 scrolls of teleportation
 n - a scroll of fog
Potions
 h - a potion of brilliance {unknown}
 m - a potion of attraction
 q - a potion of resistance {unknown}
 s - a potion of degeneration {unknown}
 t - a potion of lignification {unknown}
 v - a potion of might {unknown}


   Skills:
 + Level 6.5 Fighting
 + Level 3.9 Polearms
 - Level 1.3 Ranged Weapons
 - Level 1.7 Dodging
 - Level 3.4 Spellcasting
 - Level 2.6 Hexes
 + Level 3.7 Necromancy
 - Level 2.7 Fire Magic
 + Level 3.6 Ice Magic


You had 10 spell levels left.
You knew the following spells:

 Your Spells              Type           Power      Damage    Failure   Level
a - Frozen Ramparts       Ice            34%        1d6       10%         3

Your spell library contained the following spells:

 Spells                   Type           Power      Damage    Failure   Level
 Freeze                   Ice            68%        1d8       3%          1
 Ensorcelled Hibernation  Hex/Ice        32%        N/A       5%          2
 Jinxbite                 Hex            28%        N/A       7%          2
 Inner Flame              Hex/Fire       14%        N/A       13%         3
 Sigil of Binding         Hex            14%        N/A       14%         3
 Hailstorm                Conj/Ice       10%        3d5       21%         3
 Anguish                  Hex/Necr       8%         N/A       34%         4
 Cause Fear               Hex            7%         N/A       41%         4
 Dimensional Bullseye     Hex/Tloc       4%         N/A       61%         4
 Manifold Assault         Tloc           3%         N/A       80%         4
 Conjure Ball Lightning   Conj/Air       1%         3x3d6     100%        6
 Dispersal                Tloc           1%         N/A       100%        6
 Discord                  Hex            7%         N/A       100%        8
 Disjunction              Tloc           1%         N/A       100%        8


Dungeon Overview and Level Annotations

Branches:
Dungeon (7/15)
 Temple: D:4-7

Altars:
Ashenzari
Sif Muna

Shops:
D:2 !   D:4 ?=[   D:5 ?[

Annotations:
D:6 2 runed translucent doors


Innate Abilities, Weirdness & Mutations

You are too large for most types of armour.
You have tough skin. (AC +1)
Your mind is acute. (Int +4, Str/Dex -1)
Your flesh is cold resistant. (rC+)
You have an increased reservoir of magic. (+10% MP)
You occasionally shout uncontrollably at your foes.


Message History

Press: ? - help, Shift-Dir - straight line, f - water moccasin
Aim: a water moccasin (heavily wounded, slow, chance to affect: 64%)
The water moccasin struggles to resist.
You feel very sick.
The water moccasin is no longer moving slowly.
The wall freezes the kobold brigand.
The wall freezes the kobold brigand but does no damage.
The wall freezes the water moccasin.
The water moccasin seems to slow down.
The water moccasin closely misses you.
The wall freezes the kobold brigand.
The wall freezes the kobold brigand but does no damage.
Aiming: Mindburst
Press: ? - help, Shift-Dir - straight line, f/p - water moccasin
Aim: a water moccasin (heavily wounded, slow, chance to affect: 64%)
The water moccasin's mind is blasted!
You blow up the water moccasin!
You feel sick.
The wall freezes the kobold brigand. x2
Unknown command.
You completely miss the kobold brigand.
The kobold brigand is moderately wounded.
You feel yourself speed up.
The frozen ramparts melt away.
You feel sick.
The kobold brigand hits you with a +0 dagger.
* * * LOW HITPOINT WARNING * * *
The kobold brigand hits you but does no damage.
Casting: Frozen Ramparts (dangerous; 12% risk of failure)
Confirm with . or Enter, or press ? or * to list all spells.
Casting: Frozen Ramparts (dangerous; 12% risk of failure)
Press: ? - help, Dir - look around, f - activate The walls around you are covered in ice.
You feel sick.
The wall freezes the kobold brigand.
The kobold brigand hits you with a +0 dagger.
* * * LOW HITPOINT WARNING * * *
The wall freezes the jelly.
The wall freezes the kobold brigand.
It was a potion of mutation.
You feel extremely strange.
You feel the urge to shout.
You feel more energetic.
You feel resistant to cold.
You feel clever.
You feel sick.
The wall freezes the kobold brigand but does no damage.
The kobold brigand hits you with a +0 dagger!
You die...

###... #... #.. . ..... #..
.. ##..# #... ... #.. ##..#
.... ##8..8# ...........#.#
#...>.)####............#.#
......)KK@...............#
#8..8#J###.>...........# ##.
##.....#####.......#
###.###K####....#......<.#
#.....KK# #..........##
###.....KK### ##..<.....##
............# #......)#.#8
###.................##..<[.##
#............#(...######.#)


You could see 2 kobold brigands and a jelly.

Vanquished Creatures
  A water moccasin (D:7)
  A sky beast (D:6)
  A black bear (D:5)
  2 centaurs (D:6)
  2 phantoms
  2 scorpions (D:5)
  3 hounds
  A gnoll bouda (D:7)
  A sleepcap (D:5)
  3 iguanas (D:5)
  8 gnolls
  10 adders
  2 white imps (D:6)
  An ufetubus (D:6)
  3 worms
  5 orcs
  8 bats
  7 endoplasms
  3 giant cockroaches (D:1)
  7 goblins
  6 hobgoblins
  14 jackals
  8 kobolds
  5 quokkas
  11 ball pythons
  3 frilled lizards (D:2)
  7 rats
125 creatures vanquished.

Notes
Turn   | Place    | Note
-------+----------+-------------------------------------------
     0 | D:1      | Shayle the Ogre Hexslinger began the quest for the Orb.
     0 | D:1      | Reached XP level 1. HP: 19/19 MP: 2/2
    29 | D:1      | Reached skill level 1 in Fire Magic
    93 | D:1      | Reached XP level 2. HP: 28/28 MP: 4/4
   109 | D:1      | Reached skill level 2 in Fighting
   329 | D:1      | Reached XP level 3. HP: 36/36 MP: 6/6
   780 | D:2      | Found Teepp's Distillery.
   792 | D:2      | Reached skill level 3 in Fighting
   832 | D:2      | Reached XP level 4. HP: 43/45 MP: 7/7
   975 | D:2      | Identified the +8 spear of Anguish {pain, Dex+2}
  1779 | D:3      | Learned a level 3 spell: Frozen Ramparts
  2058 | D:3      | Reached XP level 5. HP: 51/53 MP: 9/9
  2450 | D:4      | Found Qaonior's Magic Scroll Boutique.
  2455 | D:4      | Bought 2 scrolls of teleportation for 72 gold pieces
  2531 | D:4      | Found Sopiuti's Jewellery Boutique.
  2535 | D:4      | Found Rorosh's Armour Boutique.
  2646 | D:3      | Reached skill level 1 in Necromancy
  2699 | D:4      | Reached skill level 1 in Ice Magic
  2973 | D:4      | Reached skill level 1 in Polearms
  3128 | D:4      | Found a broken altar of Ashenzari.
  3151 | D:4      | Noticed a phantom
  3175 | D:4      | Killed a phantom
  3176 | D:4      | Reached skill level 4 in Fighting
  3176 | D:4      | Reached XP level 6. HP: 21/62 MP: 10/10
  3690 | D:5      | Entered Level 5 of the Dungeon
  3690 | D:5      | Found Kul Uch's Magic Scroll Shoppe.
  3694 | D:5      | Noticed a black bear
  3725 | D:5      | Found Ileckior's Antique Armour Boutique.
  3899 | D:5      | Reached XP level 7. HP: 71/71 MP: 12/12
  4146 | D:5      | Reached skill level 5 in Fighting
  4303 | D:5      | Identified the +1 hand axe of the Gloaming {flame, rC+
                  | Dex+4}
  4372 | D:5      | Found a shimmering blue altar of Sif Muna.
  4996 | D:6      | Reached XP level 8. HP: 69/83 MP: 13/13
  5056 | D:6      | Reached skill level 6 in Fighting
  5201 | D:6      | Found a large runed translucent door.
  5202 | D:6      | Found a large runed translucent door.
  5601 | D:7      | HP: 4/84 [kobold brigand/+0 dagger (4)]
  5602 | D:7      | Gained mutation: You occasionally shout uncontrollably at
                  | your foes. [potion of mutation]
  5602 | D:7      | Gained mutation: You have an increased reservoir of magic.
                  | (+10% MP) [potion of mutation]
  5602 | D:7      | Gained mutation: Your flesh is cold resistant. (rC+)
                  | [potion of mutation]
  5602 | D:7      | Gained mutation: Your mind is acute. (Int +4, Str/Dex -1)
                  | [potion of mutation]
  5602 | D:7      | Slain by a kobold brigand

Illustrated notes

Levels and vault maps discovered:
D:1:      scummos_arrival_hexagon, layout_loops_ring,
          hangedman_decor_peaks_small
D:2:      layout_basic, serial_shops, nicolae_shop_crystal
D:3:      layout_basic, serial_bayou_pond_d
D:4:      layout_layer_cave, nicolae_overflow_hidden_temple, serial_shops, shop,
          shop, nicolae_shop_waterfront
D:5:      layout_cave_pools, kennysheep_mini, nicolae_stop_n_shop_2,
          nicolae_stop_n_shop_1, dk_noncrumbling_4
D:6:      layout_loops_ring, temple_green, ebering_ghost_disaster_area
D:7:      layout_rooms, minivault_23, st_stairs_6, chequers_hall_statues_y,
          lemuel_flame_loot_1

Skill      XL: |  1  2  3  4  5  6  7  8 |
---------------+-------------------------+-----
Fire Magic     | 1 2 |  2.7
Fighting       | 2 3 4 5 6 |  6.5
Spellcasting   | 2 3 |  3.4
Necromancy     | 1 2 3 |  3.7
Ice Magic      | 1 2 3 |  3.6
Polearms       | 1 2 3 |  3.9
Ranged Weapons | |  1.3
Dodging        | |  1.7
Hexes          | |  2.6

Action                     |  1- 3 |  4- 6 |  7- 9 || total
---------------------------+-------+-------+-------++-------
  Melee: Spear             |       |   137 |    94 ||   231
         Punch             |       |     1 |     2 ||     3
   Fire: Sling             |   142 |    13 |       ||   155
   Cast: Frozen Ramparts   |       |       |     3 ||     3
  Evoke: Wand              |       |       |     2 ||     2
    Use: Potion            |       |     1 |     3 ||     4
         Scroll            |       |     2 |     5 ||     7
   Stab: Sleeping          |       |     1 |     1 ||     2
 Armour: Robe              |    71 |   102 |   107 ||   280
  Dodge: Dodged            |    71 |    74 |    60 ||   205

Table legend: (Time is in decaauts)
 A = Elapsed time spent in this place.
 B = Non-inter-level travel time spent in this place.
 C = Inter-level travel time spent in this place.
 D = Time resting spent in this place.
 E = Time spent auto-exploring this place.
 F = Levels seen in this place.
 G = Mean time per level.
                   A        B        C        D        E       F      G
               +--------+--------+--------+--------+--------+-----+--------+
         Total |   5666 |   5428 |    238 |    727 |   3294 |   7 |  809.4 |
       Dungeon |   5666 |   5428 |    238 |    727 |   3294 |   7 |  809.4 |
               +--------+--------+--------+--------+--------+-----+--------+

Top non-repeatable levels by time:
     D:4: 1464 daAuts
     D:2: 951 daAuts
     D:6: 908 daAuts
     D:1: 823 daAuts
     D:3: 698 daAuts
     D:5: 671 daAuts
     D:7: 149 daAuts
